PCL
ALBUQUERQUE ISOTOPES @ VANCOUVER VIPERS
05/08/2029
 
TOP OF THE 1ST
Albuquerque Isotopes batting - Pitching for Vancouver Vipers : RHP Don Barnes
Pitching: RHP Don Barnes
Batting: RHB Javier Peña 0-0: Ball
1-0: Ball
2-0: Ball
3-0: Base on Balls
Batting: SHB Edward Bartlett 0-0: Called Strike
0-1: Fly out, F8 (Flyball, 8LM)
Batting: RHB Matt Tucker 0-0: Fly out, F9 (Flyball, 9S)
Batting: RHB Roberto Tobías 0-0: Ball
Javier Peña is caught stealing 2nd base
Top of the 1st over - 0 runs, 0 hits, 0 errors, 0 left on base; Albuquerque 0 - Vancouver 0
BOTTOM OF THE 1ST
Vancouver Vipers batting - Pitching for Albuquerque Isotopes : LHP Sean Perry
Pitching: LHP Sean Perry
Batting: RHB Axel Guimont 0-0: Ball
1-0: Ball
2-0: SINGLE (Groundball, 6S) (infield hit)
Batting: RHB Bob Magee 0-0: Called Strike
0-1: Ball
1-1: Ball
2-1: Foul Ball, location: 2F
2-2: Foul Ball, location: 2F
2-2: Foul Ball, location: 2F
2-2: Ball
3-2: Foul Ball, location: 2F
3-2: Base on Balls
Axel Guimont to second
Batting: SHB Henry Copeland 0-0: Called Strike
0-1: Grounds into double play, 5-4-3 (Groundball, 56)
Axel Guimont to third
Batting: RHB Dan Tyler 0-0: Ball
1-0: Ball
2-0: Ball
3-0: Called Strike
3-1: Base on Balls
Batting: RHB Lorenzo González 0-0: Fly out, F6 (Popup, 4MD)
Bottom of the 1st over - 0 runs, 1 hit, 0 errors, 2 left on base; Albuquerque 0 - Vancouver 0
TOP OF THE 2ND
Albuquerque Isotopes batting - Pitching for Vancouver Vipers : RHP Don Barnes
Batting: RHB Roberto Tobías 0-0: Fly out, F5 (Line Drive, 56)
Batting: LHB José González 0-0: Called Strike
0-1: Swinging Strike
0-2: Ground out 4-3 (Groundball, 4)
Batting: LHB Fernando Ortíz 0-0: Ball
1-0: Swinging Strike
1-1: Foul Ball, location: 2F
1-2: Foul Ball, location: 2F
1-2: Foul Ball, location: 2F
1-2: Ball
2-2: Strikes out swinging
Top of the 2nd over - 0 runs, 0 hits, 0 errors, 0 left on base; Albuquerque 0 - Vancouver 0
BOTTOM OF THE 2ND
Vancouver Vipers batting - Pitching for Albuquerque Isotopes : LHP Sean Perry
Batting: RHB Cooper Richard 0-0: Called Strike
0-1: Swinging Strike
0-2: Ball
1-2: Ball
2-2: SINGLE (Line Drive, 5)
Batting: RHB Ryan Parrish 0-0: Ball
Cooper Richard steals 2nd base
1-0: Ball
2-0: Ground out 2-3 (Groundball, 15S)
Cooper Richard to third
Batting: RHB Ben Alexander 0-0: Fly out, F8 (Line Drive, 8RM)
Runner from 3rd tags up, OUT at HOME
Bottom of the 2nd over - 0 runs, 1 hit, 0 errors, 0 left on base; Albuquerque 0 - Vancouver 0
TOP OF THE 3RD
Albuquerque Isotopes batting - Pitching for Vancouver Vipers : RHP Don Barnes
Batting: RHB Jesse McKnight 0-0: Called Strike
0-1: Ball
1-1: Foul Ball, location: 2F
1-2: Strikes out swinging
Batting: LHB Héctor Soto 0-0: Ball
1-0: Called Strike
1-1: Ball
2-1: Ball
3-1: Foul Ball, location: 2F
3-2: Base on Balls
Batting: LHB Phil Neal 0-0: Foul Ball, location: 2F
0-1: Ball
1-1: Swinging Strike
1-2: Ball
2-2: Strikes out looking
Batting: RHB Javier Peña 0-0: TRIPLE (Flyball, 9D)
Héctor Soto scores
Batting: SHB Edward Bartlett 0-0: Foul Ball, location: 2F
0-1: Ball
1-1: Ball
2-1: SINGLE (Flyball, 78S)
Javier Peña scores
Batting: RHB Matt Tucker 0-0: Ball
1-0: Ball
2-0: Called Strike
2-1: Ball
3-1: Swinging Strike
3-2: Foul Ball, location: 2F
3-2: Base on Balls
Edward Bartlett to second
Batting: RHB Roberto Tobías 0-0: Ball
1-0: Called Strike
1-1: 3-RUN HOME RUN (Flyball, 7D), Distance : 365 ft
Batting: LHB José González 0-0: Ball
1-0: Ball
2-0: Called Strike
2-1: Ball
3-1: Base on Balls
Batting: LHB Fernando Ortíz 0-0: Foul Ball, location: 2F
0-1: Ball
1-1: SINGLE (Groundball, 4MD)
José González to second
Runner from 2nd tries for 3rd, SAFE, no throw
Batting: RHB Jesse McKnight 0-0: Ball
1-0: Ball
2-0: Fly out, F9 (Flyball, 9S)
Top of the 3rd over - 5 runs, 4 hits, 0 errors, 2 left on base; Albuquerque 5 - Vancouver 0
BOTTOM OF THE 3RD
Vancouver Vipers batting - Pitching for Albuquerque Isotopes : LHP Sean Perry
Batting: RHB Quincy Vance 0-0: Reached on error, E6 (Groundball, 6)
Batting: RHB Axel Guimont 0-0: Ball
1-0: Ball
2-0: Called Strike
2-1: Fly out, F7 (Flyball, 7S)
Batting: RHB Bob Magee 0-0: Ball
1-0: Ball
2-0: Ball
3-0: Base on Balls
Quincy Vance to second
Batting: SHB Henry Copeland 0-0: SINGLE (Groundball, 34D)
Quincy Vance to third
Bob Magee to second
Batting: RHB Dan Tyler 0-0: Ball
1-0: Swinging Strike
1-1: Ball
2-1: Ball
3-1: SINGLE (Groundball, 6MD)
Quincy Vance scores
Bob Magee to third
Henry Copeland to second
Runner from 3rd tries for Home, SAFE, throw made home
Batting: RHB Lorenzo González 0-0: Ground out 5-3 (Groundball, 5S)
Henry Copeland to third
Dan Tyler to second
Batting: RHB Cooper Richard 0-0: Ball
1-0: Fly out, F7 (Flyball, 78S)
Bottom of the 3rd over - 2 runs, 2 hits, 1 error, 2 left on base; Albuquerque 5 - Vancouver 2
TOP OF THE 4TH
Albuquerque Isotopes batting - Pitching for Vancouver Vipers : RHP Don Barnes
Batting: LHB Héctor Soto 0-0: Ball
1-0: Called Strike
1-1: Foul Ball, location: 2F
1-2: Ball
2-2: Ball
3-2: Foul Ball, location: 2F
3-2: Strikes out swinging
Batting: LHB Phil Neal 0-0: Ball
1-0: Called Strike
1-1: Swinging Strike
1-2: SINGLE (Line Drive, 7S)
Batting: RHB Javier Peña 0-0: Ball
1-0: Foul Ball, location: 2F
1-1: Foul Ball, location: 2F
1-2: Ball
2-2: Grounds into double play, 4-6-3 (Groundball, 4)
Top of the 4th over - 0 runs, 1 hit, 0 errors, 0 left on base; Albuquerque 5 - Vancouver 2
BOTTOM OF THE 4TH
Vancouver Vipers batting - Pitching for Albuquerque Isotopes : LHP Sean Perry
Batting: RHB Ryan Parrish 0-0: Ball
1-0: Fly out, F8 (Flyball, 8LD)
Batting: RHB Ben Alexander 0-0: Foul Ball, location: 2F
0-1: Ground out 5-3 (Groundball, 56)
Batting: RHB Quincy Vance 0-0: Foul Ball, location: 2F
0-1: Ground out 6-3 (Groundball, 6MD)
Bottom of the 4th over - 0 runs, 0 hits, 0 errors, 0 left on base; Albuquerque 5 - Vancouver 2
TOP OF THE 5TH
Albuquerque Isotopes batting - Pitching for Vancouver Vipers : RHP Don Barnes
Pitching: LHP Luis Perea
Batting: SHB Edward Bartlett 0-0: Ground out 4-3 (Groundball, 4)
Batting: RHB Matt Tucker 0-0: Called Strike
0-1: SINGLE (Groundball, 56) (infield hit)
Batting: RHB Roberto Tobías 0-0: Ball
1-0: Ball
2-0: Ball
3-0: Called Strike
3-1: Called Strike
3-2: Fly out, F9 (Flyball, 89D)
Batting: LHB José González 0-0: Ball
1-0: SINGLE (Groundball, 34) (infield hit)
Matt Tucker to second
Batting: LHB Fernando Ortíz 0-0: Ground out 4-3 (Groundball, 4)
Top of the 5th over - 0 runs, 2 hits, 0 errors, 2 left on base; Albuquerque 5 - Vancouver 2
BOTTOM OF THE 5TH
Vancouver Vipers batting - Pitching for Albuquerque Isotopes : LHP Sean Perry
Batting: RHB Axel Guimont 0-0: Fly out, F7 (Flyball, 7S)
Batting: RHB Bob Magee 0-0: Called Strike
0-1: Ball
1-1: Foul Ball, location: 2F
1-2: Foul Ball, location: 2F
1-2: Ball
2-2: Ball
3-2: Reached on error, E5 (Groundball, 56)
Batting: SHB Henry Copeland 0-0: Called Strike
0-1: Called Strike
0-2: Ball
1-2: Ball
2-2: Strikes out swinging
Batting: RHB Dan Tyler 0-0: Fly out, F5 (Popup, 56)
Bottom of the 5th over - 0 runs, 0 hits, 1 error, 1 left on base; Albuquerque 5 - Vancouver 2
TOP OF THE 6TH
Albuquerque Isotopes batting - Pitching for Vancouver Vipers : LHP Luis Perea
Batting: RHB Jesse McKnight 0-0: Fly out, F7 (Flyball, 7LS)
Batting: LHB Héctor Soto 0-0: Ground out 5-3 (Groundball, 5)
Batting: LHB Phil Neal 0-0: Ball
1-0: Called Strike
1-1: Swinging Strike
1-2: Strikes out looking
Top of the 6th over - 0 runs, 0 hits, 0 errors, 0 left on base; Albuquerque 5 - Vancouver 2
BOTTOM OF THE 6TH
Vancouver Vipers batting - Pitching for Albuquerque Isotopes : LHP Sean Perry
Batting: RHB Lorenzo González 0-0: Ball
1-0: Ball
2-0: Called Strike
2-1: Foul Ball, location: 2F
2-2: Foul Ball, location: 2F
2-2: Ball
3-2: Fly out, F8 (Flyball, 8LM)
Batting: RHB Cooper Richard 0-0: Called Strike
0-1: Foul Ball, location: 2F
0-2: SINGLE (Groundball, 56D)
Batting: RHB Ryan Parrish 0-0: Foul Ball, location: 2F
0-1: Ball
1-1: Foul Ball, location: 2F
1-2: Ball
2-2: Fly out, F9 (Flyball, 9LSF)
Pitching: RHP Germán Hernández
Batting: RHB Ben Alexander 0-0: Ball
1-0: Ground out U3 (Groundball, 3)
Bottom of the 6th over - 0 runs, 1 hit, 0 errors, 1 left on base; Albuquerque 5 - Vancouver 2
TOP OF THE 7TH
Albuquerque Isotopes batting - Pitching for Vancouver Vipers : LHP Luis Perea
Batting: RHB Javier Peña 0-0: Ball
1-0: Ball
2-0: Foul Ball, location: 2F
2-1: Ball
3-1: Swinging Strike
3-2: Base on Balls
Batting: SHB Edward Bartlett 0-0: Sac Bunt - play at first, batter OUT! 5-3
Javier Peña to second
Batting: RHB Matt Tucker 0-0: Foul Ball, location: 2F
0-1: Ball
1-1: SINGLE (Line Drive, 8RS)
Javier Peña to third
Runner from 3rd tries for Home, SAFE, throw made home
Batting: RHB Roberto Tobías 0-0: Ball
1-0: Called Strike
1-1: Foul Ball, location: 2F
1-2: Foul Ball, location: 2F
1-2: Ball
2-2: Foul Ball, location: 2F
2-2: Grounds into double play, 5-4-3 (Groundball, 56)
Top of the 7th over - 1 run, 1 hit, 0 errors, 0 left on base; Albuquerque 6 - Vancouver 2
BOTTOM OF THE 7TH
Vancouver Vipers batting - Pitching for Albuquerque Isotopes : RHP Germán Hernández
Batting: RHB Quincy Vance 0-0: SINGLE (Groundball, 34D)
Batting: RHB Axel Guimont 0-0: Ball
1-0: Foul Ball, location: 2F
1-1: Ball
2-1: Ball
3-1: Called Strike
3-2: Base on Balls
Quincy Vance to second
Batting: RHB Bob Magee 0-0: Called Strike
0-1: Ball
1-1: Foul Ball, location: 2F
1-2: Ball
2-2: Ball
Passed Ball!
Quincy Vance to third
Axel Guimont to second
3-2: SINGLE (Groundball, 56D)
Quincy Vance scores
Axel Guimont to third
Batting: SHB Henry Copeland 0-0: Ball
1-0: Called Strike
1-1: Swinging Strike
1-2: Foul Ball, location: 2F
1-2: 3-RUN HOME RUN (Flyball, 89XD), Distance : 429 ft
Pitching: RHP Manuel Montoya
Batting: RHB Dan Tyler 0-0: DOUBLE (Line Drive, 78XD)
Pinch Hitting: LHB Stan Bates 0-0: Intentional Walk
Pinch Hitting: RHB Ramón Molina 0-0: SINGLE (Flyball, 9S)
Dan Tyler to third
Stan Bates to second
Batting: RHB Ryan Parrish 0-0: Ball
1-0: Grounds into fielders choice 6-2 (Groundball, 6)
Stan Bates to third
Ramón Molina to second
Batting: RHB Ben Alexander 0-0: DOUBLE (Line Drive, 7LM)
Stan Bates scores
Ramón Molina scores
Ryan Parrish to third
Runner from 3rd tries for Home, SAFE, no throw
Pitching: LHP Edmond Summers
Batting: RHB Quincy Vance 0-0: Ground out 4-3 (Groundball, 4)
Ben Alexander to third
Batting: RHB Axel Guimont 0-0: Foul Ball, location: 2F
0-1: 2-RUN HOME RUN (Flyball, 78XD), Distance : 412 ft
Batting: RHB Bob Magee 0-0: Ball
1-0: Ball
2-0: Ball
3-0: Base on Balls
Pitching: RHP Steve Snyder
Batting: SHB Henry Copeland 0-0: Foul Ball, location: 2F
0-1: Ball
1-1: Ground out 1-3 (Groundball, 13S)
Bottom of the 7th over - 9 runs, 7 hits, 0 errors, 1 left on base; Albuquerque 6 - Vancouver 11
TOP OF THE 8TH
Albuquerque Isotopes batting - Pitching for Vancouver Vipers : LHP Luis Perea
Now at 2B: Alfredo Hernández
Now in RF: Mike Williams
Batting: LHB José González 0-0: Ball
1-0: Ball
2-0: Ball
3-0: Called Strike
3-1: Base on Balls
Batting: LHB Fernando Ortíz 0-0: Called Strike
0-1: Ball
1-1: Ball
2-1: Ground out U3 (Groundball, 3)
José González to second
Batting: RHB Jesse McKnight 0-0: DOUBLE (Line Drive, 9LM)
José González scores
Pitching: RHP Pedro Días
Batting: LHB Héctor Soto 0-0: Foul Ball, location: 2F
0-1: Foul Ball, location: 2F
0-2: Ball
1-2: Foul Ball, location: 2F
1-2: Foul Ball, location: 2F
1-2: DOUBLE (Line Drive, 8RD)
Jesse McKnight scores
Batting: LHB Phil Neal 0-0: Fly out, F7 (Flyball, 78M)
Batting: RHB Javier Peña 0-0: Swinging Strike
0-1: Ball
1-1: Ball
2-1: Swinging Strike
2-2: Ball
3-2: Base on Balls
Batting: SHB Edward Bartlett 0-0: Fly out, F7 (Flyball, 7LM)
Top of the 8th over - 2 runs, 2 hits, 0 errors, 2 left on base; Albuquerque 8 - Vancouver 11
BOTTOM OF THE 8TH
Vancouver Vipers batting - Pitching for Albuquerque Isotopes : RHP Steve Snyder
Batting: RHB Dan Tyler 0-0: Called Strike
0-1: Foul Ball, location: 2F
0-2: Strikes out swinging
Batting: RHB Alfredo Hernández 0-0: Swinging Strike
0-1: Swinging Strike
0-2: Strikes out looking
Batting: LHB Mike Williams 0-0: Foul Ball, location: 2F
0-1: Swinging Strike
0-2: Ball
1-2: Foul Ball, location: 2F
1-2: Strikes out looking
Bottom of the 8th over - 0 runs, 0 hits, 0 errors, 0 left on base; Albuquerque 8 - Vancouver 11
TOP OF THE 9TH
Albuquerque Isotopes batting - Pitching for Vancouver Vipers : RHP Pedro Días
Pitching: RHP Von Hicks
Batting: RHB Matt Tucker 0-0: Ball
1-0: Called Strike
1-1: Ball
2-1: Ball
3-1: Foul Ball, location: 2F
3-2: Foul Ball, location: 2F
3-2: Strikes out swinging
Batting: RHB Roberto Tobías 0-0: Foul Ball, location: 2F
0-1: Ball
1-1: Ball
2-1: Foul Ball, location: 2F
2-2: Foul Ball, location: 2F
2-2: Foul Ball, location: 2F
2-2: DOUBLE (Line Drive, 9LM)
Batting: LHB José González 0-0: Called Strike
0-1: Ball
1-1: Ball
2-1: Ball
3-1: Fly out, F7 (Flyball, 7S)
Batting: LHB Fernando Ortíz 0-0: Foul Ball, location: 2F
0-1: Called Strike
0-2: Ground out U3 (Groundball, 3)
Top of the 9th over - 0 runs, 1 hit, 0 errors, 1 left on base; Albuquerque 8 - Vancouver 11
Saturday, December 16th, 2017 - OOTP Baseball 18.8 Build 76